 Dungeon Crawl Stone Soup version 0.31.0-11-ge490571c62 (webtiles) character file.

Game seed: 7784175020989456104

2044 qw the Skirmisher (level 9, -11/44 HPs)
             Began as a Spriggan Hunter on Feb 3, 2024.
             Was a Priest of Okawaru.
             Mangled by a warg (21 damage)
             ... on level 8 of the Dungeon.
             The game lasted 00:00:27 (5783 turns).

qw the Skirmisher (Spriggan Hunter)                 Turns: 5783, Time: 00:00:28

Health: -11/44     AC:  6    Str:  5 (7)  XL:     9   Next: 4%
Magic:  13/13      EV: 23    Int: 11      God:    Okawaru [***...]
Gold:   443        SH:  5    Dex: 20 (22) Spells: 8/8 levels left

rFire   . . .        m - +0 arbalest
rCold   + . .        (shield currently unavailable)
rNeg    + . .        a - +0 robe of the Circus Animal {rN+}
rPois   .            (helmet restricted)
rElec   .            b - scarf {repulsion}
rCorr   .            (gloves unavailable)
SInv    +            (boots unavailable)
Will    +....        f - amulet of reflection
Stlth   ++           l - +4 ring of protection
HPRegen 0.27/turn    k - ring of protection from cold
MPRegen 0.13/turn

%: repel missiles, reflection
@: about to teleport, very quick
A: very small, no large weapons, unfitting armour, see invisible, speed 3
a: Renounce Religion, Heroism


You were on level 8 of the Dungeon.
You worshipped Okawaru.
Okawaru was most pleased with you.
You visited 1 branch of the dungeon, and saw 8 of its levels.

You collected 443 gold pieces.


Innate Abilities, Weirdness & Mutations

You are very small and have problems with some larger weapons.
You are too small for most types of armour.
You have supernaturally acute eyesight. (SInv)
You cover ground extremely quickly. (Speed+++)


   Skills:
 - Level 3.0 Fighting
 - Level 9.5 Ranged Weapons
 + Level 8.5 Dodging
 - Level 1.5 Stealth
 - Level 4.1 Invocations


You had 8 spell levels left.
You didn't know any spells.
Your spell library was empty.

Inventory:

Hand Weapons
 m - a +0 arbalest (weapon)
Armour
 a - the +0 robe of the Circus Animal (worn) {rN+}
   (You acquired it on level 7 of the Dungeon)

   rN+:       It protects you from negative energy.
 b - a scarf of repulsion (worn)
Jewellery
 f - an amulet of reflection (around neck)
 k - a ring of protection from cold (right hand)
 l - a +4 ring of protection (left hand)
 Y - a +6 ring of strength
Wands
 i - a wand of mindburst (33)
 n - a wand of roots (5)
Scrolls
 c - a scroll of identify
Potions
 d - 3 potions of enlightenment
 e - 3 potions of curing
 j - a potion of mutation

Dungeon Overview and Level Annotations

Branches:
Dungeon (8/15)             Temple (0/1) D:5
   Lair: D:8-11

Altars:
Ashenzari
Dithmenos
Elyvilon
Fedhas
Okawaru
Ru
Xom
Zin

Annotations:
D:3 3 runed translucent doors, qw's ghost, amateur DEHu
D:6 3 runed translucent doors, qw's ghost, novice DjHu


Message History

The wolf completely misses you. The wolf misses you.
You shoot a bolt.
The bolt hits the wolf but does no damage.
The wolf bites you. The wolf barely misses you.
You shoot a bolt. The bolt misses the wolf.
The bolt hits the wolf!
You kill the wolf!
Okawaru accepts your kill.
The wolf misses you. x2; You block the wolf's attack.
You feel your dexterity returning.
You shoot a bolt. The bolt hits the wolf!
The wolf is heavily wounded.
You block the wolf's attack.
An orc warrior comes into view. It is wielding a +0 mace.
The wolf completely misses you.
You shoot a bolt. The bolt hits the wolf.
The wolf is severely wounded.
The wolf closely misses you. The wolf bites you. The wolf bites you!
You shoot a bolt. The bolt hits the wolf.
The wolf is almost dead.
An orc comes into view. It is wielding a +0 quarterstaff.
You shoot a bolt. The orc shouts!
The bolt hits the warg!
The warg is moderately wounded.
You hear a shout!
The warg completely misses you. The warg misses you.
You shoot a bolt. The bolt hits the warg.
The warg is heavily wounded.
You block the warg's attack. The warg bites you! x2
5782 ||| READING scroll of teleportation.
As you read the scroll of teleportation, it crumbles to dust.
You feel strangely unstable. The warg misses you.
An orc comes into view. It is wielding a +0 falchion.
You shoot a bolt. The bolt misses the warg.
The bolt closely misses the wolf.
The bolt barely misses the orc warrior.
The bolt closely misses the orc.
The warg completely misses you.
An orc comes into view. It is wielding a +0 mace.
Something hits the plant.
The plant begins to die.
The warg bites you!!
You die...

###### ##$....##
##........
#^.........
#.......... P
#..........
o..o####..........
..)oohh@..........
.o.o####..........
. ##.........
###%....##
######....#..#
#......#### ##
#.....## .# #
#.###.# .#
....###.#### .#


You could see a warg, an orc warrior, a wolf and 5 orcs.

Vanquished Creatures
  A fire bat (D:6)
  Eustachio (D:4)
  A steam dragon (D:7)
  An ice beast (D:7)
  2 sky beasts (D:6)
  An ogre (D:6)
  A wolf (D:8)
  2 centaurs
  2 phantoms
  A bullfrog (D:8)
  2 scorpions
  3 bombardier beetles
  3 hounds
  4 orc priests
  Terence (D:2)
  4 sleepcaps
  3 orc wizards
  7 adders
  2 shadow imps
  2 white imps
  4 ufetubi (D:6)
  4 ribbon worms
  4 dart slugs
  12 orcs
  4 ball pythons
  6 bats
  4 endoplasms
  5 giant cockroaches
  8 goblins
  6 hobgoblins
  3 jackals (D:1)
  2 quokkas (D:1)
  A frilled lizard (D:3)
  8 kobolds
  6 rats
121 creatures vanquished.

Notes
Turn   | Place    | Note
-------+----------+-------------------------------------------
     0 | D:1      | qw the Spriggan Hunter began the quest for the Orb.
     0 | D:1      | Reached XP level 1. HP: 10/10 MP: 2/2
     0 | D:1      | 0 ||| qw: Version: 0.3-a-155-g5e7d8dd
     0 | D:1      | 0 ||| qw: Game counter: 3310
     0 | D:1      | 0 ||| qw: Melee chars always use a shield: true
     0 | D:1      | 0 ||| qw: God list: Okawaru
     0 | D:1      | 0 ||| qw: Allow faded altars: false
     0 | D:1      | 0 ||| qw: Do Orc after clearing Dungeon:15 true
     0 | D:1      | 0 ||| qw: Do second Lair branch before Depths: true
     0 | D:1      | 0 ||| qw: Lair rune preference: random
     0 | D:1      | 0 ||| qw: Goals: Normal
     0 | D:1      | 0 ||| PLANNING D:1-11
    20 | D:1      | Reached skill level 3 in Dodging
   107 | D:1      | Reached XP level 2. HP: 14/14 MP: 3/3
   572 | D:1      | 572 ||| READING 3 scrolls labelled KOVIUM KEOLU.
   573 | D:1      | 573 ||| READING scroll labelled JUDAM WACIA.
   574 | D:1      | 574 ||| READING scroll labelled ANYPSU MERPHUM.
   575 | D:1      | 575 ||| DRINKING 3 dark potions.
   576 | D:1      | 576 ||| DROPPING scroll of butterflies.
   577 | D:1      | 577 ||| DROPPING 2 scrolls of fear.
   601 | D:2      | 601 ||| STAIRDANCE
   612 | D:2      | 612 ||| STAIRDANCE
   619 | D:2      | 619 ||| STAIRDANCE
   623 | D:1      | Reached XP level 3. HP: 18/18 MP: 4/4
   772 | D:2      | 772 ||| FLEEEEING.
   774 | D:2      | 774 ||| FLEEEEING.
   775 | D:2      | 775 ||| FLEEEEING.
   776 | D:2      | 776 ||| FLEEEEING.
   777 | D:2      | 777 ||| FLEEEEING.
   778 | D:2      | 778 ||| FLEEEEING.
   779 | D:2      | 779 ||| FLEEEEING.
   780 | D:2      | 780 ||| FLEEEEING.
   781 | D:2      | 781 ||| FLEEEEING.
   782 | D:2      | 782 ||| FLEEEEING.
   783 | D:2      | 783 ||| FLEEEEING.
   784 | D:2      | 784 ||| FLEEEEING.
   785 | D:2      | 785 ||| FLEEEEING.
   829 | D:2      | Noticed Terence
   844 | D:2      | Killed Terence
   845 | D:2      | Reached skill level 5 in Ranged Weapons
   953 | D:2      | Reached XP level 4. HP: 22/22 MP: 5/5
  1383 | D:2      | 1383 ||| UPGRADING to amulet of reflection.
  1388 | D:2      | 1388 ||| UPGRADING to +6 ring of strength.
  1389 | D:2      | 1389 ||| READING scroll labelled FUPHUZ POIR.
  1389 | D:2      | 1389 ||| IDENTIFYING puce potion
  1390 | D:2      | 1390 ||| READING scroll labelled ORO EGAFOTZUUS.
  1491 | D:2      | 1491 ||| DROPPING potion of berserk rage.
  1532 | D:3      | Found a sacrificial altar of Ru.
  1549 | D:3      | 1549 ||| FLEEEEING.
  1550 | D:3      | 1550 ||| FLEEEEING.
  1551 | D:3      | 1551 ||| FLEEEEING.
  1699 | D:3      | Reached XP level 5. HP: 24/26 MP: 6/6
  1720 | D:3      | Found a broken altar of Ashenzari.
  1860 | D:3      | Found a runed translucent gate.
  1860 | D:3      | Found a runed translucent gate.
  1860 | D:3      | Found a runed translucent gate.
  1867 | D:3      | Noticed qw's ghost (amateur DEHu)
  1945 | D:3      | Found a shadowy altar of Dithmenos.
  2293 | D:3      | 2293 ||| READING scroll labelled TISTREXT CUIRA.
  2294 | D:3      | 2294 ||| DRINKING 2 cyan potions.
  2296 | D:3      | 2296 ||| Stepping ~*~*~tactically~*~*~ (cloud).
  2411 | D:4      | 2411 ||| STAIRDANCE
  2417 | D:4      | 2417 ||| STAIRDANCE
  2425 | D:4      | 2425 ||| STAIRDANCE
  2445 | D:4      | 2445 ||| STAIRDANCE
  2531 | D:4      | Reached skill level 6 in Ranged Weapons
  2573 | D:4      | Reached XP level 6. HP: 30/30 MP: 7/7
  2618 | D:4      | Reached skill level 6 in Dodging
  2672 | D:4      | 2672 ||| SWAPPING to +0 orcbow.
  2673 | D:4      | 2673 ||| DROPPING +0 shortbow.
  2693 | D:4      | Found an iron altar of Okawaru.
  2694 | D:4      | 2694 ||| PLANNING OKAWARU WORSHIP
  2694 | D:4      | 2694 ||| UPGRADING to ring of protection from cold.
  2695 | D:4      | 2695 ||| DROPPING ring of magical power.
  2696 | D:4      | 2696 ||| READING scroll labelled TEQUNY QAUMAFO.
  2697 | D:4      | 2697 ||| READING scroll labelled QAROGH EFROC.
  2705 | D:4      | Became a worshipper of Warmaster Okawaru
  2705 | D:4      | Noticed Eustachio
  2706 | D:4      | 2706 ||| PLANNING D:1-11
  2706 | D:4      | 2706 ||| ZAPPING wand of flame (9) at -5,-5 (Eustachio;
                  | floor).
  2711 | D:4      | 2711 ||| ZAPPING wand of flame (8) at -1,-7 (Eustachio;
                  | floor).
  2712 | D:4      | 2712 ||| ZAPPING wand of flame (7) at 3,-4 (Eustachio;
                  | floor).
  2713 | D:4      | 2713 ||| ZAPPING wand of flame (6) at 2,-3 (Eustachio;
                  | altar_okawaru).
  2714 | D:4      | 2714 ||| ZAPPING wand of flame (5) at 1,-3 (Eustachio;
                  | floor).
  2715 | D:4      | 2715 ||| ZAPPING wand of flame (4) at 1,-2 (Eustachio;
                  | floor).
  2716 | D:4      | 2716 ||| ZAPPING wand of flame (3) at 0,-1 (Eustachio;
                  | floor).
  2717 | D:4      | 2717 ||| ZAPPING wand of flame (2) at 0,-1 (Eustachio;
                  | floor).
  2718 | D:4      | 2718 ||| ZAPPING wand of flame (1) at 0,-1 (Eustachio;
                  | floor).
  2719 | D:4      | 2719 ||| ZAPPING wand of mindburst (35) at 0,-1 (Eustachio;
                  | floor).
  2720 | D:4      | 2720 ||| ZAPPING wand of mindburst (34) at 0,-1 (Eustachio;
                  | floor).
  2720 | D:4      | Killed Eustachio
  2805 | D:4      | Reached * piety under Okawaru
  2806 | D:4      | Reached skill level 7 in Ranged Weapons
  2806 | D:4      | Reached XP level 7. HP: 35/35 MP: 8/8
  3025 | D:4      | 3025 ||| UPGRADING to +4 ring of protection.
  3027 | D:4      | 3027 ||| READING scroll labelled ZOREISO RIOT.
  3054 | D:5      | Entered Level 5 of the Dungeon
  3061 | D:5      | 3061 ||| STAIRDANCE
  3062 | D:4      | HP: 7/35 [burnt (6)]
  3063 | D:4      | HP: 3/35 [burnt (4)]
  3190 | D:5      | 3190 ||| STAIRDANCE
  3263 | D:5      | Reached skill level 1 in Invocations
  3337 | D:5      | Found a staircase to the Ecumenical Temple.
  3531 | D:5      | 3531 ||| READING scroll of identify.
  3531 | D:5      | 3531 ||| IDENTIFYING emerald potion
  3532 | D:5      | 3532 ||| READING scroll labelled YZXUMI DIPAHO.
  3532 | D:5      | 3532 ||| BRANDING +0 orcbow.
  3533 | D:5      | 3533 ||| DRINKING 2 bubbling grey potions.
  3534 | D:5      | 3534 ||| DROPPING potion of brilliance.
  3750 | D:6      | Reached skill level 3 in Invocations
  3908 | D:6      | Reached XP level 8. HP: 39/39 MP: 11/11
  3959 | D:6      | Found a shimmering altar of Xom.
  3966 | D:6      | Reached ** piety under Okawaru
  3967 | D:6      | Reached skill level 8 in Ranged Weapons
  4044 | D:6      | Reached skill level 3 in Fighting
  4054 | D:6      | Found a runed translucent gate.
  4055 | D:6      | Found a runed translucent gate.
  4056 | D:6      | Found a runed translucent gate.
  4057 | D:6      | Noticed qw's ghost (novice DjHu)
  4160 | D:6      | Found a glowing silver altar of Zin.
  4312 | D:6      | 4312 ||| READING 3 scrolls of identify.
  4312 | D:6      | 4312 ||| IDENTIFYING viscous dark potion
  4313 | D:6      | 4313 ||| READING 2 scrolls of identify.
  4313 | D:6      | 4313 ||| IDENTIFYING lumpy green potion
  4314 | D:6      | 4314 ||| READING scroll of identify.
  4314 | D:6      | 4314 ||| IDENTIFYING sapphire potion
  4315 | D:6      | 4315 ||| READING scroll labelled LOBOIJ JELOELO.
  4316 | D:6      | 4316 ||| DRINKING 2 fizzy green potions.
  4317 | D:6      | 4317 ||| UPGRADING to +6 ring of strength.
  4319 | D:6      | 4319 ||| DROPPING potion of lignification.
  4320 | D:6      | 4320 ||| DROPPING potion of degeneration.
  4321 | D:6      | 4321 ||| DROPPING potion of invisibility.
  4426 | D:7      | Found a flagged portal.
  4452 | D:7      | Identified the +9 short sword of the Original Sin {flame,
                  | rPois rC+ Will+ Int+3}
  4584 | D:7      | Found a white marble altar of Elyvilon.
  4623 | D:7      | Reached skill level 9 in Ranged Weapons
  4966 | D:7      | 4966 ||| SWAPPING to +0 arbalest.
  4970 | D:7      | 4970 ||| DROPPING +0 orcbow of freezing.
  5216 | D:7      | 5216 ||| FLEEEEING.
  5217 | D:7      | 5217 ||| FLEEEEING.
  5218 | D:7      | 5218 ||| FLEEEEING.
  5221 | D:7      | HP: 9/40 [centaur/arrow (12)]
  5222 | D:7      | 5222 ||| READING scroll of teleportation.
  5223 | D:7      | 5223 ||| DRINKING potion of heal wounds.
  5675 | D:7      | 5675 ||| UPGRADING to scarf of repulsion.
  5680 | D:7      | 5680 ||| DROPPING scarf of shadows.
  5681 | D:7      | 5681 ||| UPGRADING to ring of protection from cold.
  5683 | D:7      | 5683 ||| READING scroll labelled QEHARGH PYFEUSY.
  5683 | D:7      | Identified a scroll of acquirement
  5683 | D:7      | 5683 ||| ACQUIRING +0 robe of the Circus Animal {rN+}
  5683 | D:7      | Acquired the +0 robe of the Circus Animal {rN+}
  5685 | D:7      | 5685 ||| UPGRADING to +0 robe of the Circus Animal {rN+}.
  5695 | D:7      | 5695 ||| DROPPING +0 robe.
  5730 | D:8      | Found a blossoming altar of Fedhas.
  5761 | D:8      | Reached *** piety under Okawaru
  5773 | D:8      | Reached XP level 9. HP: 40/44 MP: 13/13
  5781 | D:8      | HP: 9/44 [warg (10)]
  5782 | D:8      | 5782 ||| READING scroll of teleportation.
  5783 | D:8      | Mangled by a warg

Levels and vault maps discovered:
D:1:      saegor_arrival_simple_a, layout_basic, grunt_decor_one_mirror
D:2:      cheibrodos_old_hovel, layout_basic, uniq_terence
D:3:      layout_loops_ring, nicolae_dithmenos_shadow_blocks,
          mainiacjoe_overflow_concentric_impassable, general_overflow_altar,
          gammafunk_ghost_necromancy
D:4:      layout_rooms, mainiacjoe_overflow_paths, uniq_eustachio
D:5:      layout_rooms, temple_fountains
D:6:      layout_basic, regret_index_xom_of_box, zin_treasury,
          ebering_ghost_rock_garden, minivault_26
D:7:      layout_loops_corners, kennysheep_mini_moat, enter_bailey_2,
          serial_library, serial_library_hellmonk_room_c,
          serial_library_regret_index_small_wings,
          serial_library_hellmonk_u_bend, serial_library_hellmonk_h_bend,
          serial_library_hellmonk_open_square,
          serial_library_hellmonk_double_dead_end,
          serial_library_hellmonk_junction,
          serial_library_regret_index_branch_corner,
          serial_library_hellmonk_room_a, serial_library_hellmonk_small_alcove,
          fountainhead
D:8:      layout_rooms, mainiacjoe_overflow_catwalk, erik_lair_orcish_takeover,
          kennysheep_generic_room_3

Skill      XL: |  1  2  3  4  5  6  7  8 |
---------------+-------------------------+-----
Dodging        | 3 4 5 6 7 8 |  8.5
Ranged Weapons | 5 6 7 9 |  9.5
Fighting       | 2 3 |  3.0
Invocations    | 3 4 |  4.1
Stealth        | |  1.5

Action                     |  1- 3 |  4- 6 |  7- 9 || total
---------------------------+-------+-------+-------++-------
   Fire: Shortbow          |   115 |   169 |       ||   284
         Orcbow            |       |    18 |   155 ||   173
         Arbalest          |       |       |    32 ||    32
  Evoke: Wand              |       |    11 |       ||    11
    Use: Scroll            |     3 |     5 |    10 ||    18
         Potion            |     1 |     1 |     3 ||     5
 Armour: Robe              |    14 |    20 |    42 ||    76
  Dodge: Dodged            |    46 |    82 |   119 ||   247
  Block: Other             |       |    19 |    29 ||    48
         Reflection        |       |     1 |     1 ||     2

Table legend:
 A = Non-vault XP
 B = Vault XP
 C = Vault XP percentage of total XP
 D = Non-vault monster count
 E = Vault monster count
 F = Vault count percentage of total count
                 A         B        C        D         E       F
            +---------+---------+-------+---------+---------+-------
      Total |    2148 |     772 |  26.4 |     112 |       9 |   7.4
            +---------+---------+-------+---------+---------+-------
        D:1 |      41 |       0 |   0.0 |      20 |       0 |   0.0
        D:2 |      33 |      37 |  52.9 |      18 |       2 |  10.0
        D:3 |     172 |       0 |   0.0 |      29 |       0 |   0.0
        D:4 |     317 |     203 |  39.0 |      11 |       1 |   8.3
        D:5 |     361 |       0 |   0.0 |       7 |       0 |   0.0
        D:6 |     645 |     334 |  34.1 |      19 |       2 |   9.5
        D:7 |     494 |       0 |   0.0 |       7 |       0 |   0.0
        D:8 |      85 |     198 |  70.0 |       1 |       4 |  80.0
            +---------+---------+-------+---------+---------+-------
